 Dungeon Crawl Stone Soup version 0.29.0-7-g18a832c13a (webtiles) character file.

Game seed: 5789474968992327880

1602068 Sergey the Wrestler (level 25, 223/223 HPs)
             Began as a Troll Abyssal Knight on Aug 30, 2022.
             Was an Elder of Lugonu.
             Escaped with the Orb
             ... and 3 runes!
             The game lasted 03:36:36 (71225 turns).

Sergey the Wrestler (Troll Abyssal Knight)         Turns: 71225, Time: 03:36:36

Health: 223/223    AC: 19    Str: 34    XL:     25   Next: 9%
Magic:  40/40      EV: 13    Int: 14    God:    Lugonu [****..]
Gold:   416        SH: 17    Dex: 14    Spells: 12/36 levels left

rFire   + + .      SeeInvis +     - Unarmed
rCold   + . .      Faith    .   c - +3 kite shield "Unah" {rPois Str+3}
rNeg    + . .      Spirit   .   q - +4 acid dragon scales
rPois   +          Reflect  .   p - +2 hat {SInv}
rElec   +          Harm     .   T - +2 cloak {rF+}
rCorr   +          Rampage  .   (gloves unavailable)
Will    ++...                   (boots unavailable)
Stlth   +.........              L - amulet "Jusik" {RegenMP rElec rPois Will+ SInv}
HPRegen 1.27/turn               X - ring "Hoommud" {rN+ AC+4 Dex+4}
MPRegen 0.67/turn               I - ring "Pasucah" {rElec rF+ rC+ MP+9 Str+3}

@: studying 3 skills
A: large, unfitting armour, claws 3, regeneration 1, shaggy fur 1, tough skin 1,
deformed body, deterioration 1, frail 1, MP-powered wands
0: Orb of Zot
}: 3/15 runes: decaying, silver, gossamer
a: Renounce Religion, Depart the Abyss, Bend Space, Banish, Corrupt


You escaped.
You worshipped Lugonu.
Lugonu was greatly pleased with you.
You visited 12 branches of the dungeon, and saw 52 of its levels.
You visited the Abyss 4 times.
You visited 2 bazaars.
You also visited: Bailey, Gauntlet, Ice Cave, Volcano and Wizlab.

You collected 9755 gold pieces.
You spent 9339 gold pieces at shops.

Inventory:

Missiles
 d - 3 boomerangs (quivered)
 f - 6 silver javelins
 o - 63 large rocks
 t - a throwing net
 F - 12 javelins
 J - 5 silver boomerangs
 K - 3 curare-tipped darts
 Q - 11 boomerangs of dispersal
 Z - 17 datura-tipped darts {!f}
Armour
 c - the +3 kite shield "Unah" (worn) {rPois Str+3}
   (You acquired it on level 10 of the Dungeon)

   Str:       It affects your strength (+3).
   rPois:     It protects you from poison.
 j - a +1 cloak of willpower
 p - a +2 hat of see invisible (worn)
 q - +4 acid dragon scales (worn)
 T - a +2 cloak of fire resistance (worn)
Jewellery
 l - the ring "Axkior" {+Blink Fly rC+ rN+ Str+6, good}
   (You found it on level 3 of the Dungeon)

   [ring of flight]

   Str:       It affects your strength (+6).
   rC:        It protects you from cold.
   rN:        It protects you from negative energy.
   Fly:       It grants you flight.
   +Blink:    It lets you blink.
 A - the ring "Myam Hec" {rElec Str+6}
   (You found it on level 3 of the Elven Halls)

   [ring of strength]

   Str:       It affects your strength (+6).
   rElec:     It insulates you from electricity.
 B - the ring "Finuvi Iqip" {rC+ rCorr Str+6 Slay+2}
   (You took it off a fire giant on level 5 of the Vaults)

   [ring of strength]

   Str:       It affects your strength (+6).
   Slay:      It affects your accuracy & damage with ranged weapons and melee
   (+2).
   rC:        It protects you from cold.
   rCorr:     It protects you from acid and corrosion.
 H - the amulet of Atoib {rPois Regen+ Stlth+}
   (You bought it in a shop in a bazaar)

   [amulet of regeneration]

   rPois:     It protects you from poison.
   Regen:     It increases your rate of health regeneration.
   Stlth:     It makes you more stealthy.
 I - the ring "Pasucah" (right claw) {rElec rF+ rC+ MP+9 Str+3}
   (You bought it in a shop on level 1 of the Depths)

   [ring of protection from fire]

   Str:       It affects your strength (+3).
   rF:        It protects you from fire.
   rC:        It protects you from cold.
   rElec:     It insulates you from electricity.
   MP:        It affects your magic capacity (+9).
 L - the amulet "Jusik" (around neck) {RegenMP rElec rPois Will+ SInv}
   (You took it off a mummy priest on level 3 of the Crypt)

   [amulet of magic regeneration]

   It increases your rate of magic regeneration.
   rElec:     It insulates you from electricity.
   rPois:     It protects you from poison.
   SInv:      It lets you see invisible.
   Will:      It increases your willpower.
 M - the ring "Roekuqai" {Drain Fly rN+ Will+++ Str-3}
   (You took it off a yaktaur captain on level 5 of the Vaults)

   [ring of flight]

   Str:       It affects your strength (-3).
   rN:        It protects you from negative energy.
   Fly:       It grants you flight.
   Drain:     It drains your maximum health when unequipped.
   Will:      It greatly increases your willpower.
 X - the ring "Hoommud" (left claw) {rN+ AC+4 Dex+4}
   (You found it on level 3 of the Elven Halls)

   [ring of protection]

   AC:        It affects your AC (+4).
   Dex:       It affects your dexterity (+4).
   rN:        It protects you from negative energy.
Wands
 g - a wand of quicksilver (23)
 i - a wand of iceblast (16)
 v - a wand of digging (1)
 W - a wand of charming (20)
Scrolls
 e - 3 scrolls of butterflies
 h - a scroll of fear
 k - 22 scrolls of teleportation {@r3}
 y - 2 scrolls of blinking {@r4}
 O - 7 scrolls of magic mapping {@r5}
 S - 9 scrolls of immolation
 Y - 3 scrolls of amnesia
Potions
 a - a potion of brilliance
 b - 3 potions of cancellation
 m - 12 potions of flight
 n - 10 potions of curing {@q2}
 r - 9 potions of mutation
 s - 14 potions of heal wounds {@q1}
 w - 9 potions of lignification
 x - 5 potions of resistance
 z - 9 potions of might {@q3}
 D - 4 potions of ambrosia
 E - 7 potions of haste {@q5}
 R - 8 potions of magic
Miscellaneous
 C - a box of beasts
 N - a phial of floods
 P - a phantom mirror (inert)
 U - a lightning rod (4/4)
 V - a condenser vane


   Skills:
 - Level 14.0 Fighting
 - Level 12.0 Throwing
 - Level 5.0 Armour
 - Level 10.0 Dodging
 - Level 18.0 Shields
 + Level 21.8 Unarmed Combat
 - Level 6.0 Spellcasting
 - Level 13.0 Transmutations
 - Level 16.0 Earth Magic
 - Level 12.0 Invocations
 - Level 6.0 Evocations


You had 12 spell levels left.
You knew the following spells:

 Your Spells              Type           Power      Damage    Failure   Level
a - Stone Arrow           Conj/Erth      52%        3d10      2%          3
b - Animate Armour        Summ/Erth      52%        N/A       10%         4
c - Ozocubu's Armour      Ice            4%         N/A       58%         3
d - Borgnjor's Vile Clut  Necr/Erth      13%        N/A       26%         5
h - Passwall              Tmut/Erth      36%        N/A       1%          2
j - Apportation           Tloc           8%         N/A       26%         1
s - Statue Form           Tmut/Erth      29%        N/A       10%         6

Your spell library contained the following spells:

 Spells                   Type           Power      Damage    Failure   Level
 Lee's Rapid Deconstruct  Erth           24%        3d14*     1%          5
 Blade Hands              Tmut           20%        N/A       3%          5
 Spider Form              Tmut/Pois      22%        N/A       5%          3
 Leda's Liquefaction      Hex/Erth       13%        N/A       10%         4
 Ignite Poison            Fire/Tmut/Pois 16%        N/A       13%         3
 Necrotise                Necr           16%        1d4       26%         1
 Shock                    Conj/Air       16%        1d4       26%         1
 Slow                     Hex            16%        N/A       26%         1
 Summon Small Mammal      Summ           16%        N/A       26%         1
 Ensorcelled Hibernation  Hex/Ice        8%         N/A       36%         2
 Irradiate                Conj/Tmut      11%        3d15      43%         5
 Confusing Touch          Hex            4%         N/A       58%         3
 Conjure Flame            Conj/Fire      4%         6-21      58%         3
 Gell's Gravitas          Tloc           4%         N/A       58%         3
 Inner Flame              Hex/Fire       4%         N/A       58%         3
 Lesser Beckoning         Tloc           4%         N/A       58%         3
 Portal Projectile        Hex/Tloc       8%         N/A       58%         3
 Swiftness                Air            4%         N/A       58%         3
 Teleport Other           Tloc           4%         N/A       58%         3
 Tukima's Dance           Hex            4%         N/A       58%         3
 Vampiric Draining        Necr           4%         2d6       58%         3
 Dragon Form              Tmut           20%        N/A       71%         7
 Iron Shot                Conj/Erth      13%        9d3       82%         6
 Airstrike                Air            2%         2d(1-17)  94%         4
 Anguish                  Hex/Necr       2%         N/A       94%         4
 Animate Dead             Necr           4%         N/A       94%         4
 Cause Fear               Hex            2%         N/A       94%         4
 Corpse Rot               Necr/Pois/Air  4%         N/A       94%         4
 Fulminant Prism          Conj/Hex       2%         3d6       94%         4
 Sticky Flame             Conj/Fire      4%         2d3       94%         4
 Metabolic Englaciation   Hex/Ice        2%         N/A       100%        5
 Summon Forest            Summ/Tloc      2%         N/A       100%        5
 Summon Mana Viper        Hex/Summ       4%         N/A       100%        5
 Conjure Ball Lightning   Conj/Air       2%         3x3d6     100%        6
 Dispersal                Tloc           2%         N/A       100%        6
 Simulacrum               Ice/Necr       2%         N/A       100%        6
 Summon Cactus Giant      Summ           2%         N/A       100%        6
 Enfeeble                 Hex            2%         N/A       100%        7
 Haunt                    Necr/Summ      2%         N/A       100%        7
 Malign Gateway           Summ/Tloc      2%         N/A       100%        7
 Ozocubu's Refrigeration  Ice            2%         4d7       100%        7
 Borgnjor's Revivificati  Necr           2%         N/A       100%        8
 Discord                  Hex            2%         N/A       100%        8
 Disjunction              Tloc           2%         N/A       100%        8
 Lehudib's Crystal Spear  Conj/Erth      13%        10d4      100%        8
 Death's Door             Necr           2%         N/A       100%        9
 Dragon's Call            Summ           2%         N/A       100%        9


Dungeon Overview and Level Annotations

Branches:
Dungeon (15/15)            Temple (1/1) D:5            Lair (5/5) D:10
  Swamp (4/4) Lair:3       Spider (4/4) Lair:2        Slime (1/5) Lair:5
    Orc (2/2) D:9             Elf (3/3) Orc:2        Vaults (5/5) D:13
  Crypt (3/3) Vaults:2       Tomb (0/3) Crypt:3      Depths (4/4) D:15
    Zot (5/5) Depths:4     Bailey (visited)           IceCv (visited)
Volcano (visited)          WizLab (visited)         Gauntlet (visited)

Altars:
Ashenzari
Cheibriados
Dithmenos
Elyvilon
Fedhas
Gozag
Hepliaklqana
Kikubaaqudgha
Makhleb
Nemelex Xobeh
Okawaru
Qazlal
Ru
Sif Muna
Trog
Uskayaw
Vehumet
Wu Jian
Xom
Yredelemnul
Zin
The Shining One
Jiyva
Lugonu

Shops:
D:1 !   D:5 *   D:9 [   D:11 [   Orc:1 *   Orc:2 ([*?   Vaults:2 [!*:*
Depths:1 **

Portals:
Hell: Depths:1 Depths:2 Depths:3 Depths:4
Abyss: Lair:5 Vaults:3 Depths:1 Depths:2 Depths:3 Depths:4
Pandemonium: Depths:2
Ziggurat: Depths:2

Annotations:
D:8 1 runed translucent door
D:10 exclusion: downstairs
D:14 2 transporters, corrupted
Lair:1 1 exclusion
Lair:3 5 exclusions
Lair:5 2 exclusions
Swamp:2 exclusion: downstairs
Swamp:4 corrupted
Spider:1 corrupted
Spider:2 corrupted
Elf:2 3 runed translucent doors, 3 exclusions
Elf:3 corrupted
Vaults:2 corrupted
Vaults:3 2 transporters, exclusion: upstairs, melvinkitnick's ghost, adept FoCA
Vaults:5 corrupted
Depths:3 2 runed translucent doors
Depths:4 corrupted
Zot:1 exclusion: 6 doors
Zot:2 exclusion: 2 upstairs
Zot:4 3 runed translucent doors, Flugkiller's ghost, adept MiFi
Zot:5 corrupted
Abyss:1 Grunn


Innate Abilities, Weirdness & Mutations

You are too large for most types of armour.
You have claws for hands.
Your natural rate of healing is unusually fast.
You are covered in fur. (AC +1)
You have tough skin. (AC +1)
Armour fits poorly on your strangely shaped body.
Your body sometimes deteriorates upon taking damage.
You are frail. (-10% HP)
You expend magic power (3 MP) to strengthen your wands.


Message History

The Brimstone Fiend gestures at you.
The sphere of damnation explodes!
The damnation engulfs you!!!
There is a stone staircase leading up here.
You climb upwards.
There is a stone staircase leading down here.
(D) Dungeon (T) Temple (L) Lair (S) Swamp (N) Spider Nest (M) Slime Pits (O) Orcish Mines (E) Elven Halls (V) Vaults (C) Crypt (W) Tomb (U) Depths (H) Hell (Z) Zot
Where to? (Enter - D:1 @ (x,y), ? - help) Have to go through D:4.
Continue?
Okay, then.
Unknown command.
Aiming: Dig
Press: ? - help, Shift-Dir - straight line, f - you Please select a direction to dig.
A stone staircase leading down.
This square is covered in magical glow.
You feel a surge of power!
The rock shatters into small pieces.
(D) Dungeon (T) Temple (L) Lair (S) Swamp (N) Spider Nest (M) Slime Pits (O) Orcish Mines (E) Elven Halls (V) Vaults (C) Crypt (W) Tomb (U) Depths (H) Hell (Z) Zot
Where to? (Enter - D:1 @ (x,y), ? - help) Magic restored.
You see here a +2 short sword of draining.
HP restored.
There is a stone staircase leading up here.
You climb upwards.
There is a stone staircase leading down here.
There is a stone staircase leading up here.
You climb upwards.
There is a stone staircase leading down here.
There is an open door here.
There is an open door here.
There is an open door here.
There is an open door here.
There is an open door here.
There is an open door here.
There is a staircase leading out of the dungeon here.
You have escaped!

###.#.......# #...#.......#
#.#.........# ##### #......#..###
#...####..###.#..# #...#..#..#
#....##### ###########
#...'..##.###........#
...##.....####'####'##......#.###.#
##.##.#####.....#@'.##............>
##.##.# #.....######'###.....##.#
......# #..8..#........##..####.#
##.#..# #.....#........##.......#
##.##.#####.....#........###.######
.>.##.....#.....'........###.## #
###########+#####........##...# #
## #######.# #........##...# # .##
#.......# #........##...#


There were no monsters in sight!

Vanquished Creatures
  2 dread liches
  2 ancient liches
  An orb of fire (Zot:5)
  Mennas (Vaults:4)
  Sojobo (Depths:1)
  Saint Roka (Orc:2)
  Margery (Vaults:2)
  Bai Suzhen (Vaults:3)
  the Lernaean hydra (Swamp:4)
  2 Killer Klowns (Zot:5)
  A caustic shrike (Depths:4)
  Xtahua (Crypt:1)
  Nikola (Swamp:1)
  7 golden dragons
  2 bone dragons
  A profane servitor (Abyss:3)
  2 electric golems (Zot:5)
  A Tzitzimitl (Zot:1)
  Rupert (D:15)
  4 tentacled monstrosities
  Jorgrun (Lair:2)
  Asterion (Depths:2)
  2 liches
  17 Orb Guardians
  3 titans (Vaults:5)
  5 ancient champions
  4 quicksilver dragons
  2 walking frostbound tomes
  A quicksilver dragon (shapeshifter) (Vaults:5)
  2 death cobs
  2 acid blobs (Lair:5)
  3 sphinxes
  4 storm dragons
  7 shadow dragons
  10 tengu reavers
  An azure jelly (Lair:5)
  2 thorn hunters
  3 revenants
  4 draconian knights
  7 frost giants
  5 fire giants
  Roxanne (D:15)
  3 cacodemons
  5 emperor scorpions
  4 deep elf sorcerers
  3 iron dragons
  5 ghost moths
  12 vault wardens
  A balrug (D:13)
  3 caustic shrike zombies
  3 curse skulls
  An orc warlord (Vaults:2)
  A draconian scorcher (Zot:1)
  3 ghouls (Crypt:3)
  A draconian stormcaller (Zot:5)
  4 draconian shifters
  A juggernaut zombie (Crypt:3)
  A deep elf elementalist (Elf:3)
  A caustic shrike skeleton (Depths:1)
  A reaper (Crypt:2)
  A spriggan defender (Depths:2)
  A juggernaut skeleton (Crypt:3)
  10 war gargoyles
  15 ironbound preservers
  A quicksilver ooze (Lair:5)
  13 stone giants
  3 ironbound thunderhulks
  A purple draconian (Zot:5)
  15 very ugly things
  4 black draconians
  9 entropy weavers
  8 deep elf demonologists
  A minotaur (Gauntlet)
  An eleionoma (Swamp:3)
  17 vampire knights
  A white draconian (Zot:5)
  4 green draconians
  Azrael (Abyss:3)
  4 red draconians
  5 deep elf annihilators
  18 dire elephants
  3 bunyips
  4 yellow draconians
  5 eidola
  4 spark wasps (Depths:3)
  An ettin (shapeshifter) (Vaults:5)
  7 deep elf death magi
  A blizzard demon (Depths:4)
  2 crystal guardians
  A green death (D:12)
  24 jiangshi
  15 yaktaur captains
  A mummy priest (Crypt:3)
  A shambling mangrove (Swamp:2)
  9 ettins
  4 deep elf high priests
  Josephine (Swamp:1)
  5 great orbs of eyes
  6 ice dragons
  5 fire dragons
  Fannar (Lair:2)
  15 hydras
  4 salamander tyrants
  An ogre mage (Vaults:5)
  32 vault guards
  A ghost crab (Swamp:2)
  A caustic shrike simulacrum (Depths:1)
  5 peacekeepers
  2 rakshasas
  3 boulder beetles
  A boulder beetle (shapeshifter) (Vaults:5)
  2 jorogumos
  2 spriggan air magi
  18 centaur warriors
  6 ironbound frosthearts
  17 dancing weapons
  A deep troll shaman (Depths:1)
  2 two-headed ogres
  9 death yaks
  12 alligators
  3 death knights
  3 tengu warriors
  3 deep troll earth magi
  9 vampire magi
  A spectral storm dragon (Crypt:1)
  A shock serpent (shapeshifter) (Vaults:3)
  5 thrashing horrors
  2 titan zombies (Crypt:3)
  4 orc high priests
  5 spriggan berserkers
  11 deep elf knights
  The ghost of sanka the Nimble, a novice MeHW of Okawaru (D:7)
  A salamander mystic (Depths:1)
  2 soul eaters
  A shadow wraith (Crypt:2)
  Nergalle (D:9)
  3 hell knights
  3 sun demons
  3 iron trolls
  An emperor scorpion zombie (Crypt:3)
  4 sun moths
  A golden dragon zombie (Depths:2)
  44 skeletal warriors
  5 pharaoh ants
  2 goliath frogs
  7 glowing orange brains
  43 deep trolls
  5 sixfirhies
  5 bog bodies
  3 shadow demons
  9 steelbarb worms
  7 swamp dragons (Swamp:4)
  34 phantasmal warriors
  A shadow dragon zombie (Crypt:3)
  12 orb spiders
  15 deep elf archers
  6 wizards
  7 flayed ghosts
  5 orc knights
  A golden dragon skeleton (Depths:2)
  8 necromancers
  12 ironbound convokers
  A lindwurm (shapeshifter) (D:13)
  8 lindwurms
  16 deep elf pyromancers
  10 wolf spiders
  47 ugly things
  5 orc sorcerers
  A frost giant zombie (Depths:1)
  2 spectral ice dragons (Crypt:1)
  2 tengu skeletons
  18 deep elf zephyrmancers
  3 oklob plants (Lair:5)
  A sphinx skeleton (Depths:2)
  A salamander (shapeshifter) (Gauntlet)
  10 salamanders
  A cyclops (shapeshifter) (Gauntlet)
  2 iron dragon zombies
  3 cyclopes
  A draconian zombie (Crypt:3)
  2 spectral fire dragons (Crypt:1)
  5 manticores
  A worldbinder (Gauntlet)
  A shock serpent zombie (Crypt:1)
  7 moths of wrath
  2 smoke demons
  An apocalypse crab (Abyss:3)
  A moth of wrath (shapeshifter) (Vaults:5)
  2 frost giant skeletons
  A black mamba (shapeshifter) (D:14)
  3 gargoyles (WizLab)
  11 vault sentinels
  3 molten gargoyles (WizLab)
  Joseph (D:10)
  A naga zombie (Crypt:3)
  3 orange demons
  3 black mambas
  5 torpor snails
  9 cane toads
  A purple draconian zombie (Crypt:3)
  3 kobold demonologists
  11 freezing wraiths
  9 demonic crawlers
  3 unseen horrors
  A yaktaur zombie (Vaults:1)
  An unseen horror (shapeshifter) (Vaults:5)
  29 yaktaurs
  2 anaconda simulacra (IceCv)
  14 ice devils (IceCv)
  11 komodo dragons
  3 human zombies
  6 tengu conjurers
  An iron troll zombie (Crypt:1)
  An efreet (D:15)
  4 guardian mummies (Crypt:3)
  A redback zombie (Crypt:2)
  A hellwing (Depths:2)
  A meliai (shapeshifter) (D:15)
  An ancient zyme (Lair:5)
  2 green draconian skeletons (Crypt:2)
  A yaktaur skeleton (Vaults:1)
  5 trolls
  8 tyrant leeches
  15 tarantellas
  A harpy zombie (Crypt:3)
  11 hornets
  A wind drake (shapeshifter) (Vaults:5)
  A raiju (Gauntlet)
  25 blink frogs
  51 slime creatures
  A hydra skeleton (Crypt:1)
  A fire dragon skeleton (Crypt:3)
  5 large abominations
  A dream sheep (shapeshifter) (Vaults:5)
  2 human simulacra (Vaults:3)
  A deep troll zombie (Vaults:3)
  A guardian serpent zombie (Crypt:1)
  An ettin zombie (Vaults:3)
  13 flying skulls (Crypt:1)
  18 jumping spiders
  A vampire (D:12)
  11 spriggans
  2 water elementals
  2 air elementals
  6 ynoxinuls
  27 culicivoras
  A culicivora (shapeshifter) (Elf:2)
  5 nameless horrors
  58 yaks
  An elf zombie (Vaults:1)
  A golden eye (D:11)
  3 wyverns
  A dire elephant simulacrum (IceCv)
  20 wraiths
  A human (D:9)
  51 redbacks
  6 basilisks
  6 fire elementals
  A tengu zombie (Depths:1)
  2 steam dragons
  3 death yak simulacra (IceCv)
  2 glowing shapeshifter zombies
  2 acid dragons
  12 vampire mosquitoes
  A swamp worm (shapeshifter) (D:15)
  16 swamp worms
  A harpy simulacrum (IceCv)
  2 ogre skeletons
  11 water moccasins
  A demonspawn skeleton (Crypt:2)
  2 floating eyes (shapeshifter) (Vaults:5)
  4 hell hounds (D:13)
  A swamp drake (shapeshifter) (D:13)
  A black bear (shapeshifter) (Lair:5)
  A lindwurm zombie (Crypt:2)
  5 swamp drakes (Swamp:4)
  38 orc warriors
  3 black bears
  A floating eye zombie (Crypt:3)
  An ice beast (D:7)
  7 ogres
  A sky beast (D:7)
  A phantom (D:6)
  3 boggarts
  11 centaurs
  4 wolves (Lair:3)
  A swamp dragon skeleton (Crypt:2)
  15 kobold brigands
  7 bullfrogs
  2 necrophages
  An ogre simulacrum (Vaults:4)
  12 scorpions
  A glowing shapeshifter simulacrum (Depths:2)
  2 cane toad simulacra (IceCv)
  2 earth elementals
  A two-headed ogre simulacrum (IceCv)
  7 wights
  A wyvern skeleton (Crypt:2)
  4 elephant simulacra (IceCv)
  6 killer bees (D:9)
  2 electric eels
  A howler monkey (D:8)
  2 crimson imps (Gauntlet)
  2 centaur zombies
  A quasit (Abyss:3)
  A gnoll bouda (D:7)
  2 hounds
  3 jellies
  30 orc priests
  Terence (D:2)
  2 iguanas
  Natasha (thrice) (D:2)
  40 orc wizards
  A scorpion zombie (Crypt:1)
  A troll simulacrum (IceCv)
  8 polar bear simulacra (IceCv)
  2 spriggan simulacra (IceCv)
  3 wolf simulacra (IceCv)
  A deep dwarf zombie (Crypt:1)
  10 small abominations
  8 adders
  13 gnolls
  A howler monkey skeleton (Crypt:3)
  2 naga simulacra (IceCv)
  A swamp drake skeleton (Crypt:3)
  An ufetubus (D:5)
  4 worms
  A dart slug (D:1)
  86 orcs
  5 ball pythons
  4 bats
  8 endoplasms
  3 giant cockroaches
  8 hobgoblins
  8 jackals
  25 kobolds
  4 quokkas
  A frilled lizard (D:2)
  12 goblins
  A hobgoblin zombie (Crypt:3)
  An orc skeleton (Crypt:3)
  9 rats
  2 butterflies (D:8)
  A fire vortex (Depths:3)
2031 creatures vanquished.

Vanquished Creatures (collateral kills)
  2 Orb Guardians (Zot:5)
  A vault warden (Vaults:2)
  An ironbound thunderhulk (WizLab)
  A deep elf annihilator (Elf:3)
  An entropy weaver (Vaults:2)
  A hell knight (Vaults:2)
  4 deep trolls (Vaults:2)
  A gargoyle (WizLab)
  A yaktaur (Vaults:2)
13 creatures vanquished.

Vanquished Creatures (others)
  2 Killer Klowns (Zot:5)
  Jory (Vaults:5)
  2 Orb Guardians (Zot:5)
  A deep elf blademaster (Elf:3)
  2 deep elf master archers (Elf:3)
  2 tengu reavers (Depths:4)
  3 deep elf sorcerers (Elf:3)
  A vault warden (Vaults:5)
  A curse skull (Vaults:2)
  A draconian scorcher (Depths:4)
  3 deep elf elementalists (Elf:3)
  Aizul (Swamp:4)
  A ghoul (Vaults:2)
  A yellow draconian (Depths:4)
  A vampire knight (Vaults:2)
  2 deep elf demonologists (Elf:3)
  An entropy weaver (Spider:2)
  7 deep elf annihilators (Elf:3)
  A red draconian (Zot:5)
  A purple draconian (Depths:4)
  3 deep elf death magi (Elf:3)
  An ettin (D:14)
  A fire dragon (Depths:4)
  A deep elf high priest (Elf:3)
  A boulder beetle (D:14)
  A yaktaur captain (D:14)
  3 alligators (Swamp:4)
  A death knight (D:14)
  A two-headed ogre (shapeshifter) (D:14)
  A centaur warrior (D:14)
  A deep troll shaman (Depths:4)
  A deep troll earth mage (Depths:4)
  A vampire mage (Vaults:2)
  3 spriggan berserkers (Depths:4)
  A deep elf knight (Elf:2)
  A sun moth (Spider:2)
  A swamp dragon (Swamp:4)
  2 orb spiders
  A spriggan druid (Swamp:4)
  A steelbarb worm (Spider:2)
  A deep troll (Depths:4)
  2 orc knights
  4 deep elf pyromancers
  A deep elf archer (Elf:3)
  4 wolf spiders
  A will-o-the-wisp (Swamp:4)
  An ugly thing (Vaults:2)
  2 moths of wrath (Zot:5)
  3 torpor snails
  A bloated husk (Swamp:1)
  5 tarantellas
  3 hornets
  A centaur simulacrum (D:14)
  8 jumping spiders
  3 culicivoras
  4 spriggans
  19 redbacks
  2 swamp worms (Swamp:4)
  3 swamp drakes (Swamp:4)
  A sky beast (shapeshifter) (Vaults:5)
  A demonic plant (Abyss:3)
  17 fungi
  69 plants
  29 starspawn tentacles
247 creatures vanquished.

Grand Total: 2291 creatures vanquished

Notes
Turn   | Place    | Note
-------+----------+-------------------------------------------
     0 | Abyss:1  | Sergey the Troll Abyssal Knight began the quest for the
                  | Orb.
     0 | Abyss:1  | Reached XP level 1. HP: 22/22 MP: 1/1
     1 | D:1      | Escaped the Abyss
   241 | D:1      | Reached XP level 2. HP: 29/29 MP: 2/2
   356 | D:1      | Reached skill level 3 in Unarmed Combat
   407 | D:1      | Found Isasch's Distillery.
   828 | D:1      | Reached XP level 3. HP: 36/36 MP: 3/3
   856 | D:1      | Reached *** piety under Lugonu
   900 | D:1      | Found a faded altar of an unknown god.
  1013 | D:2      | You fall into a shaft and drop 1 floor!
  1063 | D:3      | Found a radiant altar of Vehumet.
  1098 | D:3      | Found a shadowy altar of Dithmenos.
  1155 | D:3      | Reached skill level 4 in Unarmed Combat
  1180 | D:3      | Identified the ring "Axkior" {+Blink Fly rC+ rN+ Str+6}
  1190 | D:3      | Found a hide-covered altar of Uskayaw.
  1224 | D:2      | Reached XP level 4. HP: 43/44 MP: 4/4
  1239 | D:2      | Noticed Natasha
  1260 | D:2      | Found a shimmering altar of Xom.
  1418 | D:2      | Noticed Terence
  1439 | D:2      | Killed Terence
  2196 | D:1      | Bought a potion of curing for 39 gold pieces
  2196 | D:1      | Bought a potion of heal wounds for 65 gold pieces
  2672 | D:3      | Reached skill level 5 in Unarmed Combat
  2916 | D:3      | Reached XP level 5. HP: 50/50 MP: 5/5
  2962 | D:3      | Reached **** piety under Lugonu
  3447 | D:4      | Reached skill level 6 in Unarmed Combat
  3721 | D:5      | Entered Level 5 of the Dungeon
  3721 | D:5      | Noticed a black bear
  3730 | D:5      | Killed a black bear
  3731 | D:5      | Reached skill level 1 in Throwing
  3731 | D:5      | Reached XP level 6. HP: 33/59 MP: 6/6
  3815 | D:5      | Found a staircase to the Ecumenical Temple.
  3931 | D:5      | Found Ywets's Fire Supplies.
  4129 | Temple   | Entered the Ecumenical Temple
  4417 | Temple   | Reached skill level 1 in Evocations
  4433 | Temple   | Reached XP level 7. HP: 57/66 MP: 8/8
  4809 | D:1      | Bought a potion of haste for 130 gold pieces
  4925 | D:2      | Killed Natasha
  5096 | D:2      | Noticed Natasha
  5100 | D:2      | Killed Natasha
  5138 | D:2      | Noticed Natasha
  5143 | D:2      | Killed Natasha
  5692 | D:6      | Identified the +2 robe "Quameosu" {rPois rN+ Will+ Regen+}
  6000 | D:6      | Found a stormy altar of Qazlal.
  6001 | D:6      | Noticed an air elemental
  6003 | D:6      | Noticed a fire elemental
  6003 | D:6      | Noticed a water elemental
  6784 | D:6      | Reached XP level 8. HP: 57/78 MP: 9/9
  6999 | D:7      | Reached skill level 7 in Unarmed Combat
  7187 | D:7      | Found a shimmering blue altar of Sif Muna.
  7223 | D:7      | Reached skill level 8 in Unarmed Combat
  7254 | D:7      | Found an ornate altar of the Wu Jian Council.
  7339 | D:7      | Found a runed translucent gate.
  7339 | D:7      | Found a runed translucent gate.
  7339 | D:7      | Found a runed translucent gate.
  7340 | D:7      | Noticed sanka's ghost (novice MeHW)
  7668 | D:8      | Found a white marble altar of Elyvilon.
  7776 | D:8      | Reached skill level 5 in Invocations
  7795 | D:8      | Reached XP level 9. HP: 79/84 MP: 10/12
  7937 | D:8      | Found a runed translucent door.
  7939 | D:8      | Found a runed translucent door.
  8655 | D:8      | Reached ***** piety under Lugonu
  8679 | D:8      | Reached skill level 9 in Unarmed Combat
  8691 | D:8      | Identified the ring of Suspected Treachery {Fire Will+
                  | Str-4 Int+4 Dex+4}
  8831 | D:9      | Reached XP level 10. HP: 94/94 MP: 15/15
  8863 | D:9      | Found Winiwefi's Antique Armour Shop.
  8903 | D:9      | Identified the +5 dagger "Lanizuwn" {drain, Dex+6}
  8912 | D:9      | Reached skill level 5 in Fighting
  9195 | D:9      | Found a staircase to the Orcish Mines.
  9237 | D:9      | Noticed a six-headed hydra
  9256 | D:9      | Noticed a centaur warrior
  9407 | D:9      | Found a hazy altar of Hepliaklqana.
  9712 | D:9      | Banished a six-headed hydra
  9713 | D:9      | Reached skill level 10 in Unarmed Combat
  9754 | D:10     | Entered Level 10 of the Dungeon
  9760 | D:10     | Identified a scroll of acquirement
  9760 | D:10     | Acquired the +3 kite shield "Unah" {rPois Str+3}
  9796 | D:10     | Found a flagged portal.
  9802 | Bailey   | Entered a bailey
 10048 | Bailey   | Reached skill level 1 in Shields
 10062 | Bailey   | Identified the ring "Silopec" {Fly rElec}
 10423 | D:10     | Reached XP level 11. HP: 107/107 MP: 17/17
 10449 | D:10     | Noticed Joseph
 10767 | D:10     | Killed Joseph
 10813 | D:10     | Found a staircase to the Lair.
 10828 | D:10     | Reached skill level 10 in Invocations
 10922 | D:10     | Noticed Nergalle
 11071 | D:9      | Killed Nergalle
 11828 | D:11     | Noticed a brown ugly thing
 11841 | D:11     | Killed a brown ugly thing
 11875 | D:11     | Noticed a boulder beetle
 11961 | D:11     | Reached skill level 11 in Unarmed Combat
 12110 | D:11     | Banished a boulder beetle
 12220 | D:11     | Found Ehaiweg's Antique Armour Emporium.
 12495 | Lair:1   | Entered Level 1 of the Lair of Beasts
 12503 | Lair:1   | Noticed a death yak
 12503 | Lair:1   | Noticed a death yak
 12506 | Lair:1   | Noticed a death yak
 12518 | Lair:1   | Killed a death yak
 12519 | Lair:1   | Reached skill level 5 in Shields
 12523 | Lair:1   | Killed a death yak
 12528 | Lair:1   | Killed a death yak
 12554 | Lair:1   | Found a gate leading to a gauntlet.
 12567 | Gauntlet | Entered a Gauntlet
 12567 | Gauntlet | Found a transporter.
 12567 | Gauntlet | Found a transporter.
 12567 | Gauntlet | Found a transporter.
 12568 | Gauntlet | Found a transporter.
 12569 | Gauntlet | Noticed a swamp dragon
 12569 | Gauntlet | a merfolk changed into a swamp dragon
 12571 | Gauntlet | Found a transporter.
 12571 | Gauntlet | a swamp dragon changed into a wind drake
 12575 | Gauntlet | Noticed a fire crab
 12575 | Gauntlet | a wind drake changed into a fire crab
 12576 | Gauntlet | a fire crab changed into a yak
 12577 | Gauntlet | Noticed a large abomination
 12581 | Gauntlet | Found a transporter.
 12588 | Gauntlet | Found a transporter.
 12594 | Gauntlet | Found a transporter.
 12602 | Gauntlet | Found a transporter.
 12620 | Gauntlet | Found a transporter.
 12628 | Gauntlet | Found a transporter.
 12645 | Gauntlet | Found a transporter.
 12646 | Gauntlet | Noticed a steelbarb worm
 12646 | Gauntlet | a floating eye changed into a steelbarb worm
 12684 | Gauntlet | Noticed a death drake
 12684 | Gauntlet | a yaktaur changed into a death drake
 12744 | Gauntlet | Noticed a death drake
 12765 | Gauntlet | Noticed an orb spider
 12769 | Gauntlet | Noticed a swamp dragon
 12769 | Gauntlet | a jumping spider changed into a swamp dragon
 12771 | Gauntlet | a swamp dragon changed into an eye of devastation
 12773 | Gauntlet | Noticed a shining eye
 12773 | Gauntlet | an eye of devastation changed into a shining eye
 12773 | Gauntlet | Noticed a swamp dragon
 12776 | Gauntlet | Noticed a swamp dragon
 12776 | Gauntlet | an orb spider changed into a swamp dragon
 12777 | Gauntlet | a shining eye changed into a floating eye
 12783 | Gauntlet | Noticed an ironbound thunderhulk
 12785 | Gauntlet | Noticed a red very ugly thing
 12785 | Gauntlet | Noticed a cyan very ugly thing
 12791 | Gauntlet | Reached XP level 12. HP: 119/119 MP: 18/18
 12886 | Gauntlet | Reached skill level 12 in Unarmed Combat
 12979 | Gauntlet | Noticed a minotaur
 12990 | Gauntlet | Killed a minotaur
 13025 | Gauntlet | Identified the +1 pair of gloves "Oqycudeaxt" {Fly Will+
                  | Stlth+}
 13581 | Lair:1   | Learned a level 3 spell: Ozocubu's Armour
 13985 | Lair:2   | Noticed a death yak
 14005 | Lair:2   | Noticed a death yak
 14007 | Lair:2   | Noticed a death yak
 14017 | Lair:2   | Killed a death yak
 14025 | Lair:2   | Noticed Fannar
 14030 | Lair:2   | Killed a death yak
 14039 | Lair:2   | Killed a death yak
 14046 | Lair:2   | Killed Fannar
 14528 | Lair:2   | Reached ****** piety under Lugonu
 14538 | Lair:2   | Found a hole to the Spider Nest.
 14629 | Lair:3   | Found a radiant altar of Vehumet.
 14683 | Lair:3   | Found a staircase to the Swamp.
 14693 | Lair:3   | Noticed a death yak
 14694 | Lair:3   | Noticed a death yak
 14700 | Lair:3   | Noticed a death yak
 14703 | Lair:3   | Reached skill level 13 in Unarmed Combat
 14707 | Lair:3   | Killed a death yak
 14708 | Lair:3   | Reached XP level 13. HP: 108/127 MP: 19/19
 14754 | Lair:3   | Reached skill level 5 in Throwing
 14813 | Lair:3   | Found a dark tunnel.
 14847 | Volcano  | Entered a volcano
 14921 | Volcano  | Noticed a red draconian
 14935 | Volcano  | Killed a red draconian
 15726 | Lair:4   | Reached skill level 10 in Shields
 16658 | Lair:5   | Entered Level 5 of the Lair of Beasts
 16705 | Lair:5   | Reached skill level 14 in Unarmed Combat
 16856 | Lair:5   | Found a frozen archway.
 16876 | IceCv    | Entered an ice cave
 17129 | IceCv    | Found an ancient bone altar of Kikubaaqudgha.
 17935 | IceCv    | Reached skill level 15 in Unarmed Combat
 18102 | Lair:5   | Reached XP level 14. HP: 136/136 MP: 20/20
 18129 | Lair:5   | Found a viscous altar of Jiyva.
 18142 | Lair:5   | Found a staircase to the Slime Pits.
 18638 | Lair:5   | Got the Incunable of the Forest
 19116 | Lair:5   | Reached skill level 10 in Fighting
 19149 | Lair:5   | Found a corrupted altar of Lugonu.
 19149 | Lair:5   | Found a one-way gate to the infinite horrors of the Abyss.
 21332 | D:13     | Noticed Azrael
 21333 | D:13     | Banished Azrael
 21768 | D:13     | Reached skill level 16 in Unarmed Combat
 21954 | D:13     | Found a gate to the Vaults.
 22569 | D:14     | Reached XP level 15. HP: 142/153 MP: 21/21
 22618 | D:14     | Found a transporter.
 22848 | D:14     | Found a transporter.
 22935 | D:15     | Entered Level 15 of the Dungeon
 23046 | Orc:1    | Entered Level 1 of the Orcish Mines
 23329 | Orc:2    | Entered Level 2 of the Orcish Mines
 23762 | Orc:2    | Noticed Saint Roka
 23778 | Orc:2    | Killed Saint Roka
 24116 | Orc:2    | Found a staircase to the Elven Halls.
 24170 | Orc:2    | Found Rufurapn's General Store.
 24170 | Orc:2    | Found Modgha Udoz's Magic Scroll Shoppe.
 24217 | Orc:2    | Found Xumoffu's Armour Emporium.
 24221 | Orc:2    | Found Eted's Weapon Emporium.
 24231 | Orc:2    | Bought a potion of heal wounds for 90 gold pieces
 24232 | Orc:2    | Bought a scroll of magic mapping for 90 gold pieces
 24232 | Orc:2    | Bought a scroll of teleportation for 36 gold pieces
 24232 | Orc:2    | Bought a scroll of teleportation for 36 gold pieces
 24232 | Orc:2    | Bought a scroll of fear for 48 gold pieces
 24233 | Orc:2    | Bought a scroll of identify for 24 gold pieces
 24233 | Orc:2    | Bought a scroll of identify for 24 gold pieces
 24237 | Orc:2    | Bought 2 curare-tipped darts for 15 gold pieces
 24636 | D:1      | Bought a potion of curing for 39 gold pieces
 24636 | D:1      | Bought a potion of might for 52 gold pieces
 24636 | D:1      | Bought a potion of resistance for 130 gold pieces
 24636 | D:1      | Bought a potion of magic for 104 gold pieces
 24636 | D:1      | Bought a potion of curing for 39 gold pieces
 24879 | Orc:2    | Bought a scroll of enchant armour for 135 gold pieces
 24879 | Orc:2    | Bought a scroll of magic mapping for 135 gold pieces
 25121 | Orc:1    | Found Aschavail's General Store.
 25129 | Orc:1    | Bought a scroll of teleportation for 42 gold pieces
 25129 | Orc:1    | Bought a scroll of teleportation for 42 gold pieces
 25129 | Orc:1    | Bought a potion of ambrosia for 112 gold pieces
 25624 | D:7      | Killed sanka's ghost
 26326 | D:15     | Noticed Roxanne
 26326 | D:15     | Noticed Rupert
 26537 | D:15     | Paralysed by Rupert for 2 turns
 26539 | D:15     | Killed Rupert
 26540 | D:15     | Reached skill level 1 in Earth Magic
 26668 | D:15     | Reached skill level 1 in Transmutations
 26809 | D:15     | Reached skill level 17 in Unarmed Combat
 27012 | D:15     | Found a staircase to the Depths.
 27381 | Swamp:1  | Entered Level 1 of the Swamp
 27404 | Swamp:1  | Noticed Nikola
 27425 | Swamp:1  | Killed Nikola
 27718 | Swamp:1  | Noticed Josephine
 27866 | Swamp:1  | Killed Josephine
 28222 | Swamp:1  | Reached skill level 10 in Throwing
 28609 | Swamp:2  | Reached XP level 16. HP: 147/162 MP: 22/22
 29532 | Swamp:3  | Noticed a thorn hunter
 29537 | Swamp:3  | Killed a thorn hunter
 29886 | Swamp:4  | Entered Level 4 of the Swamp
 30004 | Swamp:4  | Noticed Aizul
 30012 | Swamp:4  | Corrupted Swamp:4
 30012 | Swamp:4  | Noticed a tentacled starspawn
 30012 | Swamp:4  | Noticed a tentacled starspawn
 30020 | Swamp:4  | Killed Aizul
 30482 | Swamp:4  | Noticed a thorn hunter
 30557 | Swamp:3  | Reached skill level 5 in Earth Magic
 30628 | Swamp:4  | Killed a thorn hunter
 30630 | Swamp:4  | Noticed the 27-headed Lernaean hydra
 30731 | Swamp:4  | Killed the 27-headed Lernaean hydra
 31107 | Swamp:4  | Reached skill level 5 in Transmutations
 31235 | Swamp:4  | Got a decaying rune of Zot
 31642 | Spider:1 | Entered Level 1 of the Spider Nest
 31717 | Spider:1 | Noticed Jorgrun
 32004 | D:15     | Killed Roxanne
 32027 | D:15     | Learned a level 6 spell: Statue Form
 32279 | Lair:2   | Killed Jorgrun
 33200 | Lair:2   | HP: 4/157 [pharaoh ant (37)]
 33508 | Lair:2   | Reached XP level 17. HP: 148/165 MP: 1/23
 33725 | Spider:1 | Corrupted Spider:1
 34362 | Spider:2 | Corrupted Spider:2
 34573 | Spider:2 | Identified the +4 helmet of Tenacity {+Blink}
 36591 | Spider:4 | Entered Level 4 of the Spider Nest
 37667 | Spider:4 | Reached skill level 10 in Earth Magic
 37933 | Spider:4 | Got a gossamer rune of Zot
 38319 | Vaults:1 | Entered Level 1 of the Vaults
 38752 | Vaults:1 | Reached XP level 18. HP: 133/179 MP: 24/24
 40317 | Vaults:1 | Reached skill level 10 in Transmutations
 40730 | Vaults:2 | Found Jinul's Distillery.
 40735 | Vaults:2 | Found Ypumn's Armour Shoppe.
 40738 | Vaults:2 | Bought a potion of resistance for 130 gold pieces
 40738 | Vaults:2 | Bought a potion of curing for 39 gold pieces
 40738 | Vaults:2 | Bought a potion of heal wounds for 65 gold pieces
 40738 | Vaults:2 | Bought 2 potions of heal wounds for 130 gold pieces
 41263 | Vaults:2 | Corrupted Vaults:2
 42098 | Vaults:2 | Found Kanuatac's Book Shop.
 42140 | Vaults:2 | Found Woezio's General Store.
 42226 | Vaults:2 | Bought the Omnibus of the Assorted Brambles for 684 gold
                  | pieces
 42238 | Vaults:1 | Learned a level 4 spell: Animate Armour
 42258 | Vaults:2 | Bought a scroll of teleportation for 51 gold pieces
 42258 | Vaults:2 | Bought a potion of cancellation for 136 gold pieces
 42299 | Vaults:2 | Found Pazeck's Assorted Antiques.
 42356 | Vaults:2 | Found a staircase to the Crypt.
 42941 | Vaults:2 | Reached skill level 5 in Evocations
 42982 | Vaults:2 | Noticed Margery
 43110 | Vaults:3 | Found a flickering gateway to a bazaar.
 43122 | Bazaar   | Entered a bazaar
 43122 | Bazaar   | Found Imi Engai's Jewellery Boutique.
 43122 | Bazaar   | Found Beqihit's General Store.
 43127 | Bazaar   | Found Ganadgh's Jewellery Boutique.
 43129 | Bazaar   | Bought a scroll of blinking for 67 gold pieces
 43139 | Bazaar   | Found Fizo's Weapon Shop.
 43151 | Bazaar   | Found Gigig's Antique Armour Emporium.
 43201 | Bazaar   | Bought a scroll of teleportation for 27 gold pieces
 43201 | Bazaar   | Bought a potion of brilliance for 36 gold pieces
 43201 | Bazaar   | Bought 3 scrolls of teleportation for 81 gold pieces
 43265 | Bazaar   | Bought the amulet of Atoib {rPois Regen+ Stlth+} for 396
                  | gold pieces
 43287 | Bazaar   | Bought a +2 cloak of preservation for 193 gold pieces
 43374 | Vaults:3 | Found a transporter.
 43375 | Vaults:3 | Noticed a tentacled monstrosity
 43376 | Vaults:3 | Noticed melvinkitnick's ghost (adept FoCA)
 43387 | Vaults:3 | Found a transporter.
 43419 | Vaults:3 | Reached XP level 19. HP: 81/185 MP: 25/25
 43843 | Vaults:3 | Identified the ring of Pusyac {rC+ Int+4 Dex+6}
 44463 | Vaults:3 | Noticed Bai Suzhen
 44504 | Vaults:3 | Killed Bai Suzhen
 45694 | D:14     | Corrupted D:14
 46075 | Elf:1    | Entered Level 1 of the Elven Halls
 46222 | Orc:2    | Bought a scroll of identify for 24 gold pieces
 46290 | Elf:1    | Paralysed by an air elemental for 1 turns
 47717 | Elf:2    | Found a flickering gateway to a bazaar.
 47726 | Bazaar   | Entered a bazaar
 47726 | Bazaar   | Found Voewnox's Weapon Shop.
 47726 | Bazaar   | Found Veqip's Weapon Shop.
 47726 | Bazaar   | Found Ifam's Jewellery Shoppe.
 47728 | Bazaar   | Found Jeniups's Distillery.
 47786 | Bazaar   | Bought a potion of mutation for 72 gold pieces
 47786 | Bazaar   | Bought a potion of magic for 72 gold pieces
 47786 | Bazaar   | Bought a potion of mutation for 72 gold pieces
 47786 | Bazaar   | Bought a potion of haste for 90 gold pieces
 47786 | Bazaar   | Bought a potion of curing for 27 gold pieces
 47786 | Bazaar   | Bought a potion of haste for 90 gold pieces
 47786 | Bazaar   | Bought a potion of mutation for 72 gold pieces
 47786 | Bazaar   | Bought a potion of might for 36 gold pieces
 47786 | Bazaar   | Bought a potion of haste for 90 gold pieces
 47786 | Bazaar   | Bought a potion of haste for 90 gold pieces
 47792 | Bazaar   | Bought a throwing net for 54 gold pieces
 47814 | Elf:2    | Identified the +0 scale mail of Heresy {rElec Will- rCorr
                  | Str+4}
 48245 | Elf:2    | Found a runed translucent gate.
 48246 | Elf:2    | Found a runed translucent gate.
 48246 | Elf:2    | Found a runed translucent gate.
 48411 | Elf:3    | Entered Level 3 of the Elven Halls
 48862 | Elf:3    | Identified the ring "Oxukhot" {Will+ Str+4 Int-5 Dex+6}
 48920 | Elf:3    | Identified the ring of Noon {rElec rPois MP+9}
 49837 | Elf:3    | Reached XP level 20. HP: 195/195 MP: 27/27
 49866 | Elf:3    | Corrupted Elf:3
 49866 | Elf:3    | Noticed a bone dragon
 49866 | Elf:3    | Identified the ring "Hoommud" {rN+ AC+4 Dex+4}
 49867 | Elf:3    | Noticed a bone dragon
 49872 | Elf:3    | Identified the amulet of the Raven {Faith +Blink}
 50339 | Elf:3    | Identified the ring "Myam Hec" {rElec Str+6}
 50500 | Elf:3    | Learned a level 3 spell: Stone Arrow
 51165 | Vaults:4 | Found a magical portal.
 51170 | WizLab   | Entered Maxwell's Workshop
 51306 | WizLab   | Found the +15 Maxwell's patent armour {-Cast -Tele rElec
                  | Will+ rCorr}
 52071 | Vaults:4 | Noticed Mennas
 52267 | Vaults:2 | Killed Margery
 52730 | Depths:1 | Entered Level 1 of the Depths
 52786 | Depths:1 | Found Big Baal Hell's Store.
 52870 | Depths:1 | Found a gateway to Hell.
 52971 | Depths:1 | Noticed Sojobo
 52978 | Depths:1 | Paralysed by an air elemental for 1 turns
 53002 | Depths:1 | Killed Sojobo
 53431 | Depths:1 | Found Eshryni's Island Escapes.
 53439 | Depths:1 | Bought a scroll of teleportation for 54 gold pieces
 53439 | Depths:1 | Bought a potion of haste for 180 gold pieces
 53903 | Depths:1 | Found Big Baal Hell's Store.
 53908 | Depths:1 | Found a gateway to Hell.
 53962 | Depths:1 | Found Eshryni's Island Escapes.
 54860 | Depths:2 | Found a one-way gateway to a ziggurat.
 54892 | Depths:2 | Noticed Asterion
 54911 | Abyss:3  | Cast into level 3 of the Abyss (Asterion)
 54937 | Abyss:3  | Learned a level 2 spell: Passwall
 54955 | Abyss:3  | Learned a level 1 spell: Apportation
 55002 | Abyss:3  | Noticed a bone dragon
 55053 | Abyss:3  | Killed a bone dragon
 55054 | Abyss:3  | Reached XP level 21. HP: 202/202 MP: 23/29
 55171 | Depths:2 | Escaped the Abyss
 55227 | Abyss:3  | Killed Azrael
 55307 | Abyss:3  | Reached skill level 15 in Shields
 55363 | Depths:2 | Escaped the Abyss
 55738 | Depths:2 | Reached skill level 15 in Earth Magic
 56027 | Depths:3 | You are sucked into a shaft and drop 1 floor!
 56027 | Depths:4 | Entered Level 4 of the Depths
 56030 | Depths:4 | Corrupted Depths:4
 56467 | Depths:4 | Identified the +6 morningstar of Sloth {holy, *Slow rElec
                  | rF+ rN++}
 56562 | Depths:4 | Noticed an ancient lich
 57155 | Crypt:1  | Entered Level 1 of the Crypt
 57423 | Crypt:1  | Noticed Xtahua
 57437 | Crypt:1  | Killed Xtahua
 57438 | Crypt:1  | Reached skill level 5 in Dodging
 58554 | Crypt:2  | Reached skill level 18 in Unarmed Combat
 59034 | Crypt:2  | Reached XP level 22. HP: 186/211 MP: 30/30
 59177 | Crypt:2  | Found a basalt altar of Yredelemnul.
 59436 | Crypt:3  | Entered Level 3 of the Crypt
 59436 | Crypt:3  | Found an ancient bone altar of Kikubaaqudgha.
 59459 | Crypt:3  | Reached skill level 1 in Spellcasting
 59507 | Crypt:3  | Paralysed by a vampire knight for 2 turns
 59516 | Crypt:3  | Paralysed by a vampire knight for 4 turns
 59840 | Crypt:3  | Identified the ring "Toronoer" {rPois rC+ rN+ Int-2 Dex+3}
 59840 | Crypt:3  | Identified the ring of Xoxa {rN+ Dex+6}
 59842 | Crypt:3  | Got the Teachings on the Grave
 59853 | Crypt:3  | Learned a level 5 spell: Borgnjor's Vile Clutch
 60034 | Crypt:3  | Found a shimmering blue altar of Sif Muna.
 60092 | Crypt:3  | Identified the amulet "Jusik" {RegenMP rElec rPois Will+
                  | SInv}
 60370 | Crypt:3  | Reached skill level 19 in Unarmed Combat
 60604 | Crypt:3  | Found a staircase to the Tomb.
 61499 | Depths:2 | Killed Asterion
 61694 | Depths:2 | Found a one-way gate leading to the halls of Pandemonium.
 61779 | Depths:3 | Reached skill level 5 in Spellcasting
 61925 | Depths:3 | Found a large runed translucent door.
 61926 | Depths:3 | Found a large runed translucent door.
 61957 | Depths:3 | Found an opulent altar of Gozag.
 62193 | Depths:4 | Noticed a caustic shrike
 62193 | Depths:4 | Noticed a caustic shrike
 62193 | Depths:4 | Noticed a caustic shrike
 62194 | Depths:4 | Noticed a caustic shrike
 62202 | Depths:4 | Banished a caustic shrike
 62203 | Depths:4 | Banished a caustic shrike
 62205 | Depths:4 | Banished a caustic shrike
 62206 | Depths:4 | Banished a caustic shrike
 62207 | Depths:4 | Reached skill level 20 in Unarmed Combat
 62263 | Depths:4 | Noticed a caustic shrike
 62278 | Depths:4 | Killed a caustic shrike
 62458 | Depths:4 | Killed an ancient lich
 62459 | Depths:4 | Reached XP level 23. HP: 219/219 MP: 27/31
 62575 | Depths:4 | Found a gate to the Realm of Zot.
 62585 | Depths:4 | Reached skill level 1 in Armour
 63276 | Vaults:2 | Bought a potion of heal wounds for 155 gold pieces
 63895 | Vaults:4 | Killed Mennas
 64987 | Slime:1  | Entered Level 1 of the Pits of Slime
 65575 | Vaults:5 | Entered Level 5 of the Vaults
 66241 | Vaults:5 | Acquired 987 gold pieces
 66348 | Vaults:5 | Noticed a dread lich
 66444 | Vaults:5 | Got a silver rune of Zot
 66483 | Vaults:5 | Killed a dread lich
 66507 | Vaults:5 | Identified the ring "Roekuqai" {Drain Fly rN+ Will+++
                  | Str-3}
 66772 | Vaults:5 | Reached skill level 5 in Armour
 66845 | Vaults:5 | Identified the +1 shortbow "Baub" {vorpal, Dex+2}
 66861 | Vaults:5 | Reached XP level 24. HP: 229/231 MP: 31/31
 67050 | Vaults:5 | Paralysed by a floating eye for 2 turns
 67131 | Vaults:5 | Noticed Jory
 67133 | Vaults:5 | Corrupted Vaults:5
 67143 | Vaults:5 | Killed Jory
 67158 | Vaults:5 | Reached skill level 10 in Dodging
 67269 | Vaults:5 | Got the Secrets of the Flock
 67270 | Vaults:5 | Identified the +5 broad axe "Hulub" {vorpal, rF+ Int+4}
 67273 | Vaults:5 | Got the Anthology of Outbursts
 67293 | Vaults:5 | Reached skill level 21 in Unarmed Combat
 67297 | Vaults:5 | Acquired 1081 gold pieces
 67333 | Vaults:5 | Identified the +9 demon trident of Reapportionment {elec,
                  | rElec rC+ Will+ Dex+3}
 67333 | Vaults:5 | Identified the ring "Finuvi Iqip" {rC+ rCorr Str+6 Slay+2}
 68096 | Depths:1 | Bought the ring "Pasucah" {rElec rF+ rC+ MP+9 Str+3} for
                  | 4699 gold pieces
 68189 | Zot:1    | Entered Level 1 of the Realm of Zot
 68295 | Zot:1    | Noticed Grunn
 68344 | Zot:1    | Banished Grunn
 68563 | Zot:5    | Entered Level 5 of the Realm of Zot
 68795 | Zot:5    | Escaped the Abyss
 69490 | Zot:5    | Noticed a Killer Klown
 69491 | Zot:5    | Noticed a dread lich
 69522 | Zot:5    | Killed a Killer Klown
 69526 | Zot:5    | Killed a dread lich
 69566 | Zot:5    | Noticed a Killer Klown
 69585 | Zot:5    | Killed a Killer Klown
 69641 | Zot:5    | Noticed an ancient lich
 69647 | Zot:5    | Killed an ancient lich
 69790 | Zot:4    | Found a runed translucent gate.
 69790 | Zot:4    | Found a runed translucent gate.
 69790 | Zot:4    | Found a runed translucent gate.
 69791 | Zot:4    | Noticed Flugkiller's ghost (adept MiFi)
 69929 | Zot:5    | Corrupted Zot:5
 69959 | Zot:5    | Killed a Killer Klown
 69962 | Zot:5    | Killed a Killer Klown
 70461 | Zot:5    | Noticed an orb of fire
 70463 | Zot:5    | Gained mutation: Your spells are a little easier to cast,
                  | but a little less powerful. [an orb of fire]
 70464 | Zot:5    | Gained mutation: You have large cloven feet. [an orb of
                  | fire]
 70468 | Zot:5    | Gained mutation: You sometimes lose your temper in combat.
                  | [an orb of fire]
 70471 | Zot:5    | Killed an orb of fire
 70472 | Zot:5    | Lost mutation: Your spells are a little easier to cast, but
                  | a little less powerful. [potion of mutation]
 70472 | Zot:5    | Lost mutation: You have large cloven feet. [potion of
                  | mutation]
 70472 | Zot:5    | Gained mutation: You occasionally lose the ability to read
                  | scrolls when taking damage. [potion of mutation]
 70472 | Zot:5    | Gained mutation: You are clumsy. (Dex -2) [potion of
                  | mutation]
 70472 | Zot:5    | Gained mutation: You passively map a small area around you.
                  | [potion of mutation]
 70473 | Zot:5    | Lost mutation: You passively map a small area around you.
                  | [potion of mutation]
 70473 | Zot:5    | Lost mutation: You sometimes lose your temper in combat.
                  | [potion of mutation]
 70473 | Zot:5    | Lost mutation: You are clumsy. (Dex -2) [potion of
                  | mutation]
 70473 | Zot:5    | Gained mutation: You passively dampen the noise of your
                  | surroundings. [potion of mutation]
 70473 | Zot:5    | Gained mutation: You have large cloven feet. [potion of
                  | mutation]
 70473 | Zot:5    | Gained mutation: You have a pair of small antennae on your
                  | head. [potion of mutation]
 70474 | Zot:5    | Lost mutation: You have large cloven feet. [potion of
                  | mutation]
 70474 | Zot:5    | Lost mutation: You passively dampen the noise of your
                  | surroundings. [potion of mutation]
 70474 | Zot:5    | Lost mutation: You have a pair of small antennae on your
                  | head. [potion of mutation]
 70474 | Zot:5    | Gained mutation: You are partially covered in iridescent
                  | scales. (AC +2) [potion of mutation]
 70474 | Zot:5    | Gained mutation: You occasionally lose the ability to drink
                  | potions when taking damage. [potion of mutation]
 70474 | Zot:5    | Gained mutation: You are weak. (Str -2) [potion of
                  | mutation]
 70475 | Zot:5    | Lost mutation: You are weak. (Str -2) [potion of mutation]
 70475 | Zot:5    | Lost mutation: You occasionally lose the ability to drink
                  | potions when taking damage. [potion of mutation]
 70475 | Zot:5    | Gained mutation: Your system is resistant to poisons.
                  | (rPois) [potion of mutation]
 70475 | Zot:5    | Gained mutation: You expend magic power (3 MP) to
                  | strengthen your wands. [potion of mutation]
 70475 | Zot:5    | Gained mutation: Armour fits poorly on your strangely
                  | shaped body. [potion of mutation]
 70476 | Zot:5    | Lost mutation: You are partially covered in iridescent
                  | scales. (AC +2) [potion of mutation]
 70476 | Zot:5    | Lost mutation: Your system is resistant to poisons. (rPois)
                  | [potion of mutation]
 70476 | Zot:5    | Lost mutation: You occasionally lose the ability to read
                  | scrolls when taking damage. [potion of mutation]
 70476 | Zot:5    | Gained mutation: Your body sometimes deteriorates upon
                  | taking damage. [potion of mutation]
 70599 | Zot:5    | Got the Orb of Zot
 70641 | Zot:3    | Reached XP level 25. HP: 248/248 MP: 31/31
 70842 | Depths:1 | Noticed Gacefruh the pandemonium lord
 70970 | D:14     | Gained mutation: You are frail. (-10% HP) [a cacodemon]
 71225 | D:$      | Escaped with the Orb!

Illustrated notes

Levels and vault maps discovered:
D:1:      evilmike_arrival_fibonacci_small, layout_loops_cross,
          dreamdust_ecumenical_altar_angels_and_demons, serial_shops, shop
D:2:      layout_basic, basic_altar, uniq_natasha, uniq_terence
D:3:      layout_basic, nicolae_overflow_hidden_temple
D:4:      layout_basic, glass_columns_a, guppyfry_early_lair_pool
D:5:      layout_layer_cave, minmay_temple_entry_mini_moons,
          nicolae_shop_fire_sale [nicolae_sub_dead_trees], bh_walls_and_bars
D:6:      layout_layer_cave, nicolae_qazlal_style_of_elements
D:7:      layout_basic, lemuel_blue_sif_altar, pdpol_wu_jian_five_deadly_venoms,
          gammafunk_ghost_nasty_kobolds
D:8:      lemuel_insect_pit, layout_basic, elyvilon_altar_4
D:9:      layout_irregular_city, general_overflow_altar, erik_orc_4,
          serial_shops, shop, minmay_mirror_moons_of_madness
D:10:     layout_loops_ring, minmay_lair_entry_grove, enter_bailey_2,
          uniq_joseph, uniq_nergalle
D:11:     layout_loops_ring, serial_shops, shop
D:12:     layout_stronghold
D:13:     layout_rooms, david_vaults_4, uniq_azrael
D:14:     gammafunk_sealed_arena, layout_basic, nicolae_benzene_ring
D:15:     gammafunk_enter_depths_forms, layout_cave_pods,
          minmay_misc_feat_plants, uniq_rupert, uniq_roxanne
Temple:   minmay_temple_curvy_branch
Lair:1:   layout_regular_city, gauntlet_entry_generic
Lair:2:   layout_chaotic_city, spider_nest_entry_funnel_web, worms_lemuel,
          uniq_fannar
Lair:3:   layout_regular_city, swamp_mist_pool, basic_altar,
          nicolae_volcano_entry_lava_flow, grunt_forest_large_clearing_hut,
          serial_bayou_shore_b
Lair:4:   layout_cave_pods, serial_bayou_shore_a
Lair:5:   hellmonk_lair_end_abyssal_woods, layout_cave_shapes,
          minmay_slime_entry_oklob_open, portal_ice_cave_entry_pillars_1
Swamp:1:  layout_basic_swamp, hangedman_swamp_pad, swamp_pool3, uniq_josephine,
          uniq_nikola
Swamp:2:  layout_basic_swamp, evilmike_swamp_ruin_house_5
Swamp:3:  layout_falls_marsh, serial_swamp_ruin, hangedman_swamp_ruin_wall,
          evilmike_swamp_ruin_house_1
Swamp:4:  swamp_old_school, layout_basic_swamp, uniq_aizul
Spider:1: layout_spider_delve, uniq_jorgrun
Spider:2: layout_spider_delve
Spider:3: layout_spider_delve, hangedman_spider_tarantella_strand
Spider:4: grunt_spider_rune_circles, nicolae_spider_webbed_stairs
Slime:1:  layout_caves, cheibrodos_slime_lost_civilization_5
Orc:1:    layout_caves, basic_altar, serial_shops, shop,
          nicolae_orc_sculptors_studio, nicolae_orc_damp_corner, minmay_orc_keep
Orc:2:    st_orc_mages, layout_diamond_mine, uniq_saint_roka
Elf:1:    elf_arrival_002, layout_geoelf_octagon, minivault_28, hex_medium
Elf:2:    nicolae_elf_blades_crystal_corner, layout_gridlike, serial_shops,
          bzr_in_the_mist, uniq_louise
Elf:3:    grunt_elf_hall_diamonds, layout_geoelf_grid
Vaults:1: hangedman_vaults_capsules, ontoclasm_vaults_claustrophobia,
          vaults_standard_mumra_x, nicolae_vaults_network_s, st_lines,
          nicolae_vaults_asterisk, hangedman_vaults_restitches,
          nicolae_vaults_diagonal_hallway_8, v_misc_27,
          ontoclasm_vaults_ligature, v_misc_5, vaults_room_hallway,
          vaults_mumra_chevron, v_misc_16, ontoclasm_vaults_fault,
          nicolae_vaults_little_squares_5, layout_vaults_omnibox
Vaults:2: vaults_room_grid, nicolae_vaults_twisting_passages,
          minmay_crypt_entry_simple_corners, hangedman_vaults_slither, v_misc_3,
          v_rooms_2, hangedman_vaults_trim, v_pattern_2,
          ontoclasm_vaults_hangar, nicolae_vaults_asterisk,
          layout_vaults_chaotic_city, serial_shops, shop,
          nicolae_shop_statue_plus, nicolae_shop_stone,
          nicolae_shop_statue_plus, nicolae_shop_trees, uniq_margery
Vaults:3: gammafunk_ghost_abyssal_escape, v_misc_26, v_misc_23,
          nicolae_vaults_network_quinsquares
          [nicolae_vaults_network_quincunx_subvault,
          nicolae_vaults_network_quincunx_subvault,
          nicolae_vaults_network_quincunx_subvault,
          nicolae_vaults_network_quincunx_subvault], ontoclasm_vaults_eye,
          v_misc_1, hangedman_vaults_nails, vaults_mumra_lcd,
          hangedman_vaults_nails, vaults_room_pool, vaults_room_octagon,
          vaults_room_stairs_pillars, nicolae_vaults_know_your_exits,
          layout_vaults_maze, serial_shops, bzr_entry_customers, uniq_bai_suzhen
Vaults:4: mu_enter_wizlab_1, v_misc_29, nicolae_vaults_halls_meeting,
          nicolae_vaults_circle_grid_b, hangedman_vaults_nodes,
          vaults_mumra_minichess, ontoclasm_vaults_decontamination,
          nicolae_vaults_hallways_thing, ontoclasm_vaults_pinch, v_pattern_4,
          ontoclasm_vaults_chip, layout_vaults_omnicross, uniq_mennas
Vaults:5: uniq_jory
Crypt:1:  layout_misc_corridors, weyrava_ghost_lake, uniq_xtahua
Crypt:2:  layout_misc_corridors, lemuel_statue_altar, grunt_megastairs_3
Crypt:3:  church_of_pain_bobbens, layout_chaotic_city,
          tomb_entry_simple_bobbens, amcnicky_mini_rare_corridor_liquid,
          minmay_misc_feat_rows, hangedman_summoners_spam
Depths:1: layout_basic, nicolae_hell_entry_big_baal_hell,
          minmay_misc_feat_diagonals, abyss_entry_small_statue_room,
          nicolae_island_escapes, serial_bayou_shore_b, uniq_sojobo
Depths:2: minmay_bloctagon_deflated, layout_gridlike, enter_ziggurat_e,
          grunt_pan_entry_in_and_out, hell_entry, hangedman_abyss_entry_splay,
          serial_sigils_hangedman_gut, minmay_staircase_bubble,
          serial_bayou_shore_b, uniq_asterion
Depths:3: lightli_eight_chambers, layout_cave_pools, abyss_entry,
          nicolae_gozag_cash_rules_everything_around_me, hell_entry
Depths:4: grunt_zot_entry_alcove, layout_honeycomb, marbit_kobold_abyss_entry,
          grunt_hell_entry_dis_grunt, nicolae_figureground_sparkle,
          minmay_misc_feat_tiny, nicolae_two_hexagons
Zot:1:    nicolae_zot_draconian_monastery, layout_gridlike, uniq_parghit,
          uniq_grunn
Zot:2:    layout_concentric_octagons
Zot:3:    layout_cathedral_of_symmetry, lemuel_lake_of_fire, uniq_tiamat
Zot:4:    kennysheep_blocky_room, layout_concentric_octagons,
          gammafunk_ghost_split, serial_nicolae_subway,
          nicolae_sub_station_stone, nicolae_sub_station_metal,
          nicolae_sub_station_crystal
Zot:5:    layout_gridlike

Skill      XL: |  1  2  3  4  5  6  7  8  9 10 11 12 13 14 15 16 17 18 19 20 21 22 23 24 |
---------------+-------------------------------------------------------------------------+-----
Unarmed Combat | 3 4 5 6 8 9 10 11 13 15 16 17 18 20 21 | 21.8
Throwing       | 1 2 3 4 8 10 11 12 | 12.0
Invocations    | 2 3 6 8 9 10 11 12 | 12.0
Evocations     | 1 2 5 6 |  6.0
Fighting       | 3 4 6 8 11 12 14 | 14.0
Shields        | 2 5 9 10 11 12 13 14 15 18 | 18.0
Earth Magic    | 3 7 10 12 14 16 | 16.0
Transmutations | 2 5 9 10 11 12 13 | 13.0
Dodging        | 2 6 8 9 10 | 10.0
Spellcasting   | 6 |  6.0
Armour         | 5 |  5.0

Action                   |  1- 3 |  4- 6 |  7- 9 | 10-12 | 13-15 | 16-18 | 19-21 | 22-24 | 25-27 || total
-------------------------+-------+-------+-------+-------+-------+-------+-------+-------+-------++-------
Melee: Unarmed           |    89 |   166 |   229 |   564 |  1416 |  1223 |  1509 |  1087 |    68 ||  6351
       Punch             |       |     3 |    13 |     4 |       |       |       |       |       ||    20
Throw: Stone             |       |     3 |       |       |       |       |       |       |       ||     3
       Dart              |       |       |    40 |    84 |     2 |     6 |       |       |       ||   132
       Boomerang         |       |       |       |     2 |   162 |   369 |    97 |    67 |       ||   697
       Javelin           |       |       |       |       |     6 |    41 |     8 |     3 |       ||    58
       Large rock        |       |       |       |       |       |    42 |     6 |    12 |       ||    60
 Cast: Animate Armour    |       |       |       |       |       |     8 |     9 |       |       ||    17
       Statue Form       |       |       |       |       |       |       |    61 |   127 |     7 ||   195
       Passwall          |       |       |       |       |       |       |    10 |       |       ||    10
       Stone Arrow       |       |       |       |       |       |       |     7 |       |       ||     7
       Borgnjor's Vile C |       |       |       |       |       |       |       |       |     1 ||     1
Invok: Banish            |       |       |       |     7 |    11 |    20 |     6 |    18 |       ||    62
       Bend Space        |       |       |       |     3 |     5 |    23 |     4 |     3 |       ||    38
       Corrupt           |       |       |       |       |       |     4 |     3 |     2 |       ||     9
       Depart the Abyss  |       |       |       |       |       |       |     2 |     1 |       ||     3
       Enter the Abyss   |       |       |       |       |       |       |     1 |     1 |       ||     2
 Abil: Evoke Blink       |       |       |       |       |       |       |     2 |       |       ||     2
       End Transformatio |       |       |       |       |       |       |     1 |     2 |     6 ||     9
Evoke: Wand              |       |       |       |     9 |    21 |    26 |    28 |     6 |     1 ||    91
       Phial of floods   |       |       |       |     1 |     3 |     3 |     7 |     3 |       ||    17
       Lightning rod     |       |       |       |       |     5 |     4 |    15 |     1 |       ||    25
       Condenser vane    |       |       |       |       |     1 |     8 |     8 |     6 |       ||    23
       Box of beasts     |       |       |       |       |       |       |     4 |     2 |       ||     6
       Phantom mirror    |       |       |       |       |       |       |       |     2 |     1 ||     3
  Use: Potion            |     1 |     1 |       |     5 |     4 |    17 |    13 |    15 |     2 ||    58
       Scroll            |       |     6 |     6 |     7 |     7 |    17 |    17 |    20 |     6 ||    86
 Stab: Sleeping          |       |     2 |     1 |       |       |       |     5 |     1 |       ||     9
       Distracted        |       |       |       |     1 |       |       |     1 |     3 |       ||     5
       Invisible         |       |       |       |     4 |       |     4 |     3 |     2 |       ||    13
       Confused          |       |       |       |       |       |       |     3 |     1 |       ||     4
Armor: Robe              |    19 |    59 |    39 |   147 |    93 |       |       |       |       ||   357
       Skin              |     2 |     5 |       |       |       |       |   425 |   618 |    36 ||  1086
       Acid dragon scale |       |       |       |       |   277 |   621 |   261 |    23 |     2 ||  1184
Dodge: Dodged            |    32 |    85 |    93 |   161 |   299 |   377 |   419 |   453 |    23 ||  1942
Block: Kite shield       |       |       |       |   218 |   839 |   936 |   994 |   896 |    63 ||  3946
